 Dungeon Crawl Stone Soup version 0.29.1-12-g30fa7ad0bf (webtiles) character file.

Game seed: 15531856369343140663

4232 croobank the Blocker (level 10, -2/91 HPs)
             Began as a Minotaur Fighter on Dec 24, 2022.
             Was a Follower of Qazlal.
             Slain by Gastronok (28 damage)
             ... on level 8 of the Dungeon.
             The game lasted 00:20:07 (9804 turns).

croobank the Blocker (Minotaur Fighter)             Turns: 9804, Time: 00:20:08

Health: -2/91      AC: 17    Str: 25    XL:     10   Next: 9%
Magic:  11/11      EV:  7    Int:  5    God:    Qazlal [*.....]
Gold:   301        SH:  8    Dex: 10    Spells: 9/9 levels left

rFire   . . .      SeeInvis +   a - +1 war axe (vorpal)
rCold   . . .      Faith    .   c - +0 buckler
rNeg    . . .      Spirit   .   D - +0 plate armour
rPois   +          Reflect  .   (helmet restricted)
rElec   .          Harm     .   (no cloak)
rCorr   .          Rampage  .   s - +0 pair of gloves
Will    .....                   l - +0 pair of boots
Stlth   ..........              (no amulet)
HPRegen 0.25/turn               r - ring of poison resistance
MPRegen 0.12/turn               w - ring of see invisible

@: mighty
A: horns 2, retaliatory headbutt
a: Renounce Religion


You were on level 8 of the Dungeon.
You worshipped Qazlal.
Qazlal was aware of your devotion.
You visited 2 branches of the dungeon, and saw 9 of its levels.

You collected 447 gold pieces.
You spent 146 gold pieces at shops.

Inventory:

Hand Weapons
 a - a +1 vorpal war axe (weapon)
 b - a +0 vorpal sling
 i - a +1 hand axe of flaming
 m - a +1 halberd of flaming
 u - a +0 whip of freezing
 z - a +5 spear
 C - a +1 trident of flaming
 F - a +0 scimitar
Missiles
 g - 12 poisoned darts (quivered)
 n - an atropa-tipped dart
Armour
 c - a +0 buckler (worn)
 l - a +0 pair of boots (worn)
 s - a +0 pair of gloves (worn)
 v - a +0 scale mail
 D - a +0 plate armour (worn)
 E - +2 steam dragon scales
Jewellery
 r - a ring of poison resistance (left hand)
 t - a ring of fire
 w - a ring of see invisible (right hand)
Wands
 y - a wand of mindburst (14)
 A - a wand of flame (18)
Scrolls
 f - 4 scrolls of teleportation
 j - 5 scrolls of noise
 k - 2 scrolls of magic mapping
 p - 3 scrolls of poison
 q - a scroll of identify
Potions
 d - 2 potions of might
 e - a potion of mutation
 h - 2 potions of curing
 o - a potion of haste
 B - a potion of attraction


   Skills:
 + Level 9.2 Fighting
 + Level 8.8 Axes
 + Level 9.2 Armour
 + Level 9.3 Shields
 + Level 3.7 Invocations


You had 9 spell levels left.
You didn't know any spells.
Your spell library contained the following spells:

 Spells                   Type           Power      Damage    Failure   Level
 Magic Dart               Conj           0%         1d3       100%        1
 Summon Small Mammal      Summ           0%         N/A       100%        1
 Scorch                   Fire           0%         2d5       100%        2
 Searing Ray              Conj           0%         2d4       100%        2
 Sublimation of Blood     Necr           0%         N/A       100%        2
 Wereblood                Tmut           0%         N/A       100%        2
 Call Canine Familiar     Summ           0%         N/A       100%        3
 Summon Guardian Golem    Hex/Summ       0%         N/A       100%        3
 Flame Wave               Conj/Fire      0%         2d4       100%        4
 Fulminant Prism          Conj/Hex       0%         3d6       100%        4
 Summon Cactus Giant      Summ           0%         N/A       100%        6
 Summon Hydra             Summ           0%         N/A       100%        7


Dungeon Overview and Level Annotations

Branches:
Dungeon (8/15)             Temple (1/1) D:5
   Lair: D:8-11

Altars:
Dithmenos
Fedhas
Hepliaklqana
Makhleb
Nemelex Xobeh
Okawaru
Qazlal
Sif Muna
Trog
Vehumet
Xom
Zin
The Shining One

Shops:
D:2 :   D:7 (

Annotations:
D:7 1 runed translucent door
D:8 Gastronok


Innate Abilities, Weirdness & Mutations

You have a pair of horns on your head.
You reflexively headbutt those who attack you in melee.


Message History

The bolt of light hits Gastronok!
Gastronok is lightly wounded.
Gastronok is blinded.
The now-empty wand crumbles to dust.
You slash Gastronok! You headbutt Gastronok!
Gastronok is moderately wounded.
You block Gastronok's attack.
You strike the helpless Gastronok from behind!
You hit Gastronok. You headbutt Gastronok!
Gastronok is moderately wounded.
Gastronok bites you!!
You slash Gastronok!
Gastronok is heavily wounded.
You catch the helpless Gastronok completely off-guard!
You slash Gastronok! You headbutt Gastronok.
Gastronok is heavily wounded.
Gastronok is no longer blind.
Gastronok waves his eye-stalks in wide circles.
The air twists around and strikes you!
Aiming: Mindburst
Press: ? - help, Shift-Dir - straight line, f/p - Gastronok
Aim: Gastronok, wearing a +2 hat (heavily wounded, chance to affect: 16%) Gastronok resists with almost no effort.
Aiming: Mindburst
Press: ? - help, Shift-Dir - straight line, f/p - Gastronok
Aim: Gastronok, wearing a +2 hat (sparse dust, heavily wounded, chance to affect: 16%) Gastronok resists with almost no effort.
Gastronok bites you!!
* * * LOW HITPOINT WARNING * * *
You feel very mighty all of a sudden.
You slash Gastronok!
Gastronok is severely wounded.
Gastronok chants a spell, wobbling all the while.
Gastronok puts on a burst of speed!
You slash Gastronok!
Gastronok is severely wounded.
You hit Gastronok. You headbutt Gastronok!
Gastronok is almost dead.
Gastronok gurgles.
Gastronok bites you!!
You die...

## ####....###.# .+
+............ ##
####..#######
##.#.$...# #.#$$...#
### #.#.$_$.+ ...# #+#
#.#..$..# # .##.#
#.#.....# #.#.#
#@####### #.#.##
#.w...... #
##....########..####..
###.........^.....# ##
...##...###########
#.###..## .......#
#.####.# ### #.#


You could see Gastronok (swift).

Vanquished Creatures
  Pikel (D:3)
  Maggie (D:6)
  A hornet (D:8)
  Grinder (D:6)
  Sigmund (D:2)
  A shadow (D:6)
  Eustachio (D:4)
  A steam dragon (D:8)
  Menkaure (D:3)
  A water moccasin (D:5)
  Duvessa (D:4)
  An orc warrior (D:6)
  A black bear (D:5)
  An ice beast (D:5)
  2 ogres (D:5)
  A centaur (D:6)
  A lemure (D:3)
  2 phantoms (D:6)
  Blork the orc (D:6)
  A necrophage (D:7)
  A bullfrog (D:7)
  A scorpion (D:4)
  4 wights (D:7)
  Dowan (D:4)
  5 killer bees (D:8)
  2 howler monkeys
  4 jellies
  A hound (D:5)
  4 orc priests
  6 iguanas
  3 orc wizards
  Ijyb (D:5)
  Robin (D:2)
  4 gnolls
  3 adders
  A shadow imp (D:7)
  A worm (D:5)
  3 dart slugs (D:2)
  24 orcs
  3 ball pythons
  9 endoplasms
  4 giant cockroaches
  14 goblins
  9 hobgoblins
  16 kobolds
  2 quokkas
  7 bats
  4 frilled lizards
  11 rats
  3 toadstools (D:1)
174 creatures vanquished.

Vanquished Creatures (others)
  2 fungi
  4 plants
  9 toadstools
15 creatures vanquished.

Grand Total: 189 creatures vanquished

Notes
Turn   | Place    | Note
-------+----------+-------------------------------------------
     0 | D:1      | croobank the Minotaur Fighter began the quest for the Orb.
     0 | D:1      | Reached XP level 1. HP: 19/19 MP: 0/0
   112 | D:1      | Reached XP level 2. HP: 23/27 MP: 1/1
   520 | D:1      | Reached XP level 3. HP: 33/33 MP: 2/2
   672 | D:1      | You fall into a shaft and drop 1 floor!
   948 | D:2      | Reached XP level 4. HP: 38/41 MP: 3/3
  1048 | D:2      | Noticed Sigmund
  1183 | D:1      | Found a faded altar of an unknown god.
  1397 | D:2      | Found a glowing golden altar of the Shining One.
  1692 | D:2      | Reached XP level 5. HP: 47/47 MP: 4/4
  1794 | D:3      | Reached skill level 5 in Shields
  2443 | D:3      | Reached skill level 5 in Fighting
  2443 | D:3      | Reached skill level 5 in Armour
  2896 | D:4      | Noticed Menkaure
  2897 | D:4      | Noticed a lemure
  2897 | D:4      | Noticed a lemure
  2900 | D:4      | Noticed Pikel
  2908 | D:3      | Killed Menkaure
  2909 | D:3      | Reached XP level 6. HP: 30/56 MP: 5/5
  3384 | D:3      | Killed Pikel
  3385 | D:3      | Reached skill level 5 in Axes
  3385 | D:3      | Reached XP level 7. HP: 25/63 MP: 6/6
  4229 | D:4      | Found a radiant altar of Vehumet.
  4230 | D:4      | Noticed Eustachio
  4236 | D:4      | Killed Eustachio
  4237 | D:4      | Reached XP level 8. HP: 68/71 MP: 7/7
  4349 | D:4      | Noticed Dowan
  4350 | D:4      | Noticed Duvessa
  4360 | D:4      | Killed Dowan
  4366 | D:4      | Killed Duvessa
  4548 | D:5      | Entered Level 5 of the Dungeon
  5019 | D:5      | Noticed Ijyb
  5035 | D:5      | Killed Ijyb
  5345 | D:5      | Found a burning altar of Makhleb.
  5511 | D:5      | Found a staircase to the Ecumenical Temple.
  5520 | Temple   | Entered the Ecumenical Temple
  5543 | Temple   | Became a worshipper of Qazlal Stormbringer
  5835 | D:2      | Killed Sigmund
  5836 | D:2      | Reached XP level 9. HP: 78/81 MP: 8/8
  5883 | D:2      | Found Atua's Book Boutique.
  5969 | D:2      | Identified the +3 helmet of the Sun {Rampage +Blink rElec
                  | Stlth-}
  5969 | D:2      | Noticed Robin
  5980 | D:2      | Killed Robin
  6420 | D:6      | Noticed Blork the orc
  6422 | D:6      | Noticed Grinder
  6429 | D:6      | Killed Blork the orc
  6430 | D:6      | Reached skill level 1 in Invocations
  6430 | D:6      | Paralysed by Grinder for 4 turns
  6434 | D:6      | Killed Grinder
  6873 | D:6      | Found a shimmering blue altar of Sif Muna.
  7022 | D:6      | Reached * piety under Qazlal
  7327 | D:6      | Noticed Maggie
  7344 | D:6      | Killed Maggie
  8091 | D:7      | Found a blossoming altar of Fedhas.
  8102 | D:7      | Found Naroc's Weapon Shop.
  8130 | D:7      | Bought a +1 vorpal war axe for 146 gold pieces
  8636 | D:7      | Found a runed translucent door.
  8638 | D:7      | Noticed a sixfirhy
  8820 | D:8      | Reached XP level 10. HP: 57/91 MP: 11/11
  9399 | D:8      | Paralysed by a hornet for 3 turns
  9777 | D:8      | Found a shimmering altar of Xom.
  9783 | D:8      | Noticed Gastronok
  9804 | D:8      | Slain by Gastronok

Illustrated notes

Levels and vault maps discovered:
D:1:      ldierk_water_garden, layout_loops_ring,
          shapermc_ecumenical_altar_mp_urbaneastern, grunt_decor_mini_mirrors
D:2:      cheibrodos_fertilizer, layout_basic, serial_shops,
          nicolae_diamond_shop, basic_altar, uniq_robin, uniq_sigmund
D:3:      layout_loops_ring, corexii_corridor_pit, wad_floor_pattern_2,
          serial_bayou_crossing
D:4:      layout_rooms, mainiacjoe_overflow_alcove_4, kennysheep_nondescript,
          uniq_eustachio, uniq_duvessa, uniq_pikel, uniq_menkaure
D:5:      layout_cave_pools, mainiacjoe_overflow_paths,
          minmay_temple_entry_butterflies, chequers_serial_rivers_micro_c,
          uniq_ijyb
D:6:      layout_gridville, mainiacjoe_overflow_alcove_1, uniq_blork_the_orc,
          uniq_maggie, uniq_grinder
D:7:      cheibrodos_shockbox, layout_basic, mainiacjoe_overflow_cross_hatched,
          serial_shops, shop
D:8:      layout_loops_corners, amcnicky_altar_gilded,
          nicolae_overflow_hallway_of_the_gods, minmay_misc_feat_encased,
          uniq_gastronok
Temple:   hellmonk_temple_of_storms

Skill      XL: |  1  2  3  4  5  6  7  8  9 |
---------------+----------------------------+-----
Fighting       | 4 5 6 7 9 |  9.2
Armour         | 4 5 6 8 9 |  9.2
Shields        | 4 5 6 8 9 |  9.3
Axes           | 3 4 5 6 7 8 |  8.8
Invocations    | 3 |  3.7

Action                   |  1- 3 |  4- 6 |  7- 9 | 10-12 || total
-------------------------+-------+-------+-------+-------++-------
Melee: War axe           |    43 |    40 |   261 |    24 ||   368
       Headbutt          |     6 |    22 |    44 |     5 ||    77
       Hand axe          |    28 |    60 |       |       ||    88
Throw: Throwing net      |       |     2 |     2 |       ||     4
       Dart              |       |     5 |     1 |     5 ||    11
Evoke: Wand              |       |       |     6 |     7 ||    13
  Use: Scroll            |       |     4 |     8 |       ||    12
       Potion            |       |     3 |     2 |     2 ||     7
 Stab: Held in net/web   |       |     1 |       |       ||     1
       Invisible         |       |     1 |     3 |     2 ||     6
Armor: Scale mail        |    25 |    33 |    72 |       ||   130
       Plate armour      |       |       |    48 |    17 ||    65
Dodge: Dodged            |    33 |    40 |    99 |     5 ||   177
Block: Buckler           |    19 |    13 |    81 |     8 ||   121
